 Dungeon Crawl Stone Soup version 0.31-a0-358-gac0dbeb3ab (webtiles) character file.

Game seed: 2005673723210005345

744 Locuples the Chopper (level 7, 0/63 HPs)
             Began as a Minotaur Monk on July 25, 2023.
             Succumbed to a scorpion's poison
             ... on level 5 of the Dungeon.
             The game lasted 00:04:49 (3424 turns).

Locuples the Chopper (Minotaur Monk)                Turns: 3424, Time: 00:04:50

Health: 0/63       AC: 11    Str: 17    XL:     7   Next: 47%
Magic:  2/6        EV:  9    Int:  7    God:
Gold:   164        SH:  0    Dex: 13    Spells: 6/6 levels left

rFire   . . .        a - +0 hand axe
rCold   . . .        d - orb {light}
rNeg    . . .        t - +0 chain mail
rPois   .            (helmet restricted)
rElec   .            p - +0 cloak
rCorr   .            u - +0 pair of gloves
SInv    .            (no boots)
Will    .....        r - amulet of guardian spirit Stlth
                     (no ring)
HPRegen 0.30/turn    (no ring)
MPRegen 0.10/turn

%: guardian spirit
@: lethally poisoned (0 -> -9), glowing
A: horns 2, retaliatory headbutt
a: no special abilities


You were on level 5 of the Dungeon.
You visited 1 branch of the dungeon, and saw 5 of its levels.

You collected 164 gold pieces.

Inventory:

Hand Weapons
 a - a +0 hand axe (weapon)
Armour
 d - an orb of light (worn)
 p - a +0 cloak (worn)
 t - a +0 chain mail (worn)
 u - a +0 pair of gloves (worn)
Jewellery
 r - an amulet of guardian spirit (around neck)
Scrolls
 b - a scroll of poison {unknown}
 i - 6 scrolls of identify {unknown}
 m - a scroll of enchant armour {unknown}
 n - a scroll of immolation {unknown}
 o - 2 scrolls of teleportation {unknown}
 q - a scroll of enchant weapon {unknown}
 w - a scroll of fog {unknown}
 x - a scroll of vulnerability {unknown}
Potions
 c - a potion of ambrosia
 e - 4 potions of curing {unknown}
 f - 2 potions of degeneration {unknown}
 g - 2 potions of berserk rage {unknown}
 h - 2 potions of mutation {unknown}
 j - 2 potions of invisibility {unknown}
 k - 2 potions of lignification {unknown}
 l - a potion of haste {unknown}
 s - 2 potions of might {unknown}
 v - a potion of brilliance {unknown}
 z - a potion of enlightenment {unknown}


   Skills:
 + Level 6.0 Fighting
 + Level 7.2 Axes
 + Level 3.9 Armour
 + Level 5.1 Dodging
 + Level 0.2 Stealth


You had 6 spell levels left.
You didn't know any spells.
Your spell library was empty.

Dungeon Overview and Level Annotations

Branches:
Dungeon (5/15)             Temple (0/1) D:5

Altars:

Shops:
D:1 *


Innate Abilities, Weirdness & Mutations

You have a pair of horns on your head.
You reflexively headbutt those who attack you in melee.


Message History

* * * LOW HITPOINT WARNING * * *
You feel sick.
You start resting.
* * * LOW HITPOINT WARNING * * *
You feel sick.
You start resting.
* * * LOW HITPOINT WARNING * * *
You feel sick.
You start resting.
* * * LOW HITPOINT WARNING * * *
You feel sick.
You start resting.
* * * LOW HITPOINT WARNING * * *
You feel sick.
You are no longer poisoned.
You start resting.
Magic restored.
You start resting.
A scorpion comes into view.
You start resting.
A scorpion is nearby!
A scorpion is nearby!
A scorpion is nearby!
You hit the scorpion. You headbutt the scorpion!
The scorpion is severely wounded.
The scorpion stings you.
* * * LOW HITPOINT WARNING * * *
You are lethally poisoned!
The scorpion poisons you!
You barely miss the scorpion.
The scorpion is severely wounded.
* * * LOW HITPOINT WARNING * * *
You feel very sick. The scorpion stings you.
* * * LOW HITPOINT WARNING * * *
The scorpion stings you.
* * * LOW HITPOINT WARNING * * *
You hit the scorpion but do no damage. You headbutt the scorpion.
The scorpion is almost dead.
You die...

#.#....#..#..#
#.#..#.#...s.#
#..##...#....# ###
#.........#..########.##
#....................#.#
.............########.##
........####)########.#
#######s# #.......##<#
#@# ######...#.# #.#
#...#.# #.# ####...#.##
#.# #.....)...# #.#
#.......... #.#
#.......... #.#
##.#...#.#. #.#
#.#...#.#. #.#
....>...#.


You could see a scorpion.

Vanquished Creatures
  A water moccasin (D:5)
  A black bear (D:3)
  2 ogres (D:5)
  A phantom (D:5)
  A scorpion (D:3)
  3 hounds (D:4)
  An iguana (D:4)
  3 gnolls (D:4)
  3 adders
  An adder skeleton (D:2)
  An adder zombie (D:2)
  A dart slug (D:3)
  2 orcs (D:3)
  3 ball pythons
  9 endoplasms
  3 giant cockroaches
  7 goblins
  9 hobgoblins
  5 quokkas
  A ball python skeleton (D:2)
  6 bats
  2 frilled lizards
  7 kobolds
  2 rats (D:1)
75 creatures vanquished.

Notes
Turn   | Place    | Note
-------+----------+-------------------------------------------
     0 | D:1      | Locuples the Minotaur Monk began the quest for the Orb.
     0 | D:1      | Reached XP level 1. HP: 19/19 MP: 0/0
   137 | D:1      | Reached XP level 2. HP: 25/27 MP: 1/1
   215 | D:1      | Reached skill level 4 in Axes
   335 | D:1      | Found Epsaq's Assorted Antiques.
   705 | D:2      | Reached XP level 3. HP: 28/33 MP: 2/2
  1003 | D:2      | Found a faded altar of an unknown god.
  1355 | D:3      | Noticed a black bear
  1366 | D:3      | Killed a black bear
  1367 | D:3      | Reached skill level 5 in Axes
  1367 | D:3      | Reached XP level 4. HP: 32/41 MP: 1/3
  1367 | D:3      | Reached XP level 5. HP: 37/47 MP: 1/4
  1508 | D:3      | Reached skill level 5 in Fighting
  1508 | D:3      | Reached skill level 1 in Armour
  2307 | D:4      | Reached XP level 6. HP: 56/56 MP: 5/5
  2357 | D:4      | Reached skill level 6 in Axes
  2550 | D:4      | Reached skill level 5 in Dodging
  3298 | D:5      | Entered Level 5 of the Dungeon
  3310 | D:5      | Found a staircase to the Ecumenical Temple.
  3340 | D:5      | Reached XP level 7. HP: 30/62 MP: 3/6
  3381 | D:5      | Reached skill level 7 in Axes
  3386 | D:5      | HP: 3/63 [poisoned by a water moccasin]
  3389 | D:5      | HP: 1/63 [poisoned by a water moccasin]
  3423 | D:5      | HP: 2/63 [scorpion (2)]
  3424 | D:5      | Succumbed to a scorpion's poison

Illustrated notes

Levels and vault maps discovered:
D:1:      amcnicky_arrival_feature_with_door, layout_rooms, serial_shops, shop,
          minmay_pentomino_t4
D:2:      minmay_wonky_spiral, layout_rooms, ebering_ecumenical_altar_box,
          serial_undead, serial_undead_f, serial_undead_b, serial_undead_b,
          serial_undead_c, minmay_diced_spiral
D:3:      layout_basic
D:4:      layout_basic, serial_bayou_pond_c, chequers_mini_garden
D:5:      layout_loops_ring, minmay_temple_entry_mini_moons,
          kennysheep_nondescript

Skill      XL: |  1  2  3  4  5  6  7 |
---------------+----------------------+-----
Axes           | 4 5 6 7 |  7.2
Fighting       | 4 5 6 |  6.0
Dodging        | 4 5 |  5.1
Armour         | 1 3 |  3.9
Stealth        | |  0.2

Action                     |  1- 3 |  4- 6 |  7- 9 || total
---------------------------+-------+-------+-------++-------
  Melee: Hand axe          |    83 |   117 |    18 ||   218
         Headbutt          |    21 |    34 |     4 ||    59
 Armour: Robe              |     5 |       |       ||     5
         Chain mail        |    32 |    43 |     5 ||    80
  Dodge: Dodged            |    39 |    36 |     5 ||    80

Table legend: (Time is in decaauts)
 A = Elapsed time spent in this place.
 B = Non-inter-level travel time spent in this place.
 C = Inter-level travel time spent in this place.
 D = Time resting spent in this place.
 E = Time spent auto-exploring this place.
 F = Levels seen in this place.
 G = Mean time per level.
                   A        B        C        D        E       F      G
               +--------+--------+--------+--------+--------+-----+--------+
         Total |   3445 |   3329 |    116 |     57 |   2521 |   5 |  689.0 |
       Dungeon |   3445 |   3329 |    116 |     57 |   2521 |   5 |  689.0 |
               +--------+--------+--------+--------+--------+-----+--------+

Top non-repeatable levels by time:
     D:4: 1177 daAuts
     D:3: 793 daAuts
     D:1: 687 daAuts
     D:2: 663 daAuts
     D:5: 124 daAuts
